[Event "Titled Tuesday Blitz May 2 Early 2023"]
[White "Todorovic, Bojan"]
[Black "Loiacono, Antonio"]
[WhiteFideId "917087"]
[BlackFideId "895415"]
[WhiteElo "2266"]
[BlackElo "2257"]
[Result "1-0"]
[Round "03"]
[TimeControl "180+2"]
[Date "2023.05.02"]
[WhiteClock "0:00:54"]
[BlackClock "0:00:47"]

1. d4 Nf6 2. c4 b6 3. Nc3 Bb7 4. f3 Nc6 5. e4 e5 6. d5 Nd4 7. Nge2 Nxe2 8. Bxe2 Bc5 9. Bg5 h6 10. Bh4 g5 11. Bf2 Bxf2+ 12. Kxf2 d6 13. b4 Qe7 14. Qd2 Nd7 15. h4 gxh4 16. Rh3 Nf8 17. f4 exf4 18. Qxf4 Ng6 19. Qe3 Bc8 20. Rf3 Bg4 21. a4 a5 22. bxa5 Rxa5 23. Nb5 Ne5 24. Rf4 Bxe2 25. Qxe2 Qg5 26. Rf5 Qg3+ 27. Kf1 Ng4 28. Ra3 Rxa4 29. Rxa4 Ne3+ 30. Kg1 Nxf5 31. exf5+ Kd7 32. Ra7 Rc8 33. f6 Qg5 34. Qe7# 1-0


[Site "https://www.chess.com"]

[Event "Titled Tuesday Blitz May 2 Early 2023"]
[White "Mushini Ajay"]
[Black "Shohat, Yotam"]
[WhiteFideId "35066188"]
[BlackFideId "2813955"]
[WhiteElo "2145"]
[BlackElo "2226"]
[Result "0-1"]
[Round "03"]
[TimeControl "180+2"]
[Date "2023.05.02"]
[WhiteClock "0:00:01"]
[BlackClock "0:00:10"]

1. e4 c5 2. Nf3 d6 3. d4 cxd4 4. Nxd4 Nf6 5. Nc3 a6 6. Bg5 e6 7. Qd2 Be7 8. O-O-O b5 9. a3 Bb7 10. f3 Nbd7 11. h4 Rc8 12. Kb1 Ne5 13. g4 h5 14. Bxf6 Bxf6 15. g5 Be7 16. f4 Nc4 17. Bxc4 Rxc4 18. g6 Bf6 19. gxf7+ Kxf7 20. Qe3 Qb6 21. e5 dxe5 22. fxe5 Bxh1 23. exf6 gxf6 24. b3 Bf3 25. Rd3 Bg4 26. bxc4 bxc4+ 27. Ndb5 Qxe3 28. Rxe3 axb5 29. Nxb5 Rb8 30. a4 e5 31. Kb2 Bd7 32. Kc3 Bxb5 33. axb5 Rxb5 34. Kxc4 Rb1 35. Kc5 Ke6 36. c4 f5 37. Rg3 f4 38. Rg6+ Kf5 39. Rg5+ Kf6 40. Rxh5 e4 41. Kd4 e3 42. Kd3 Rd1+ 43. Ke2 Rd2+ 44. Ke1 Rh2 45. Rh8 Kf5 46. c5 Ke4 0-1


[Site "https://www.chess.com"]

[Event "Titled Tuesday Blitz May 2 Early 2023"]
[White "Krsnik Cohar, Ivan Vihor"]
[Black "Szente Varga, Fruzsina"]
[WhiteFideId "14520044"]
[BlackFideId "712264"]
[WhiteElo "2414"]
[BlackElo "1994"]
[Result "1-0"]
[Round "03"]
[TimeControl "180+2"]
[Date "2023.05.02"]
[WhiteClock "0:00:06"]
[BlackClock "0:00:08"]

1. e4 e5 2. Nf3 Nc6 3. Bb5 a6 4. Ba4 Nf6 5. O-O Be7 6. Re1 b5 7. Bb3 O-O 8. h3 d6 9. c3 Na5 10. Bc2 c5 11. d4 Nc6 12. b3 Qc7 13. d5 Na5 14. Be3 c4 15. b4 Nb7 16. a4 Bd7 17. a5 Rae8 18. Nbd2 h6 19. Nf1 Nh7 20. Ng3 Qc8 21. Kh2 Kh8 22. Rf1 Rg8 23. Ne2 Bf8 24. Nh4 g6 25. Qd2 Qd8 26. g3 Qc8 27. g4 Qd8 28. Ng2 h5 29. f3 f5 30. exf5 gxf5 31. gxf5 Qf6 32. Ng3 Qg7 33. Nxh5 Qf7 34. Ng3 Nd8 35. Nh4 Be7 36. Ng6+ Kg7 37. Bh6+ Kf6 38. Nh5# 1-0


[Site "https://www.chess.com"]

[Event "Titled Tuesday Blitz May 2 Early 2023"]
[White "Sousa, Andre Ventura"]
[Black "Balague Camps, Marc"]
[WhiteFideId "1917617"]
[BlackFideId "2297914"]
[WhiteElo "2348"]
[BlackElo "2089"]
[Result "1-0"]
[Round "03"]
[TimeControl "180+2"]
[Date "2023.05.02"]
[WhiteClock "0:00:53"]
[BlackClock "0:00:55"]

1. e4 c5 2. Nf3 e6 3. Bd3 Nc6 4. O-O g6 5. Re1 Bg7 6. Bf1 Nge7 7. c3 d5 8. e5 O-O 9. d3 a5 10. a4 b6 11. Bg5 h6 12. Bh4 g5 13. Bg3 Ng6 14. Nbd2 Ba6 15. h4 g4 16. Nh2 Ncxe5 17. h5 Nxd3 18. hxg6 Nxe1 19. Bxa6 Rxa6 20. gxf7+ Rxf7 21. Qxe1 Qd7 22. Nxg4 Rf5 23. Nf3 Ra8 24. Be5 h5 25. Ngh2 Bh6 26. Nh4 Rg5 27. Bf4 Rf8 28. Bxg5 Bxg5 29. Ng6 Rf6 30. Ne5 Qg7 31. Qe2 Bf4 32. Nhf3 Rf5 33. Re1 h4 34. Nd3 h3 35. Qxe6+ Kh8 36. Nxf4 Rxf4 37. Qxh3+ Kg8 38. Re8+ Rf8 39. Qe6+ Kh7 40. Ng5+ 1-0


[Site "https://www.chess.com"]

[Event "Titled Tuesday Blitz May 2 Early 2023"]
[White "Napoli, Nicolo"]
[Black "Mortazavi, Ali"]
[WhiteFideId "813702"]
[BlackFideId "401323"]
[WhiteElo "2308"]
[BlackElo "2339"]
[Result "0-1"]
[Round "03"]
[TimeControl "180+2"]
[Date "2023.05.02"]
[WhiteClock "0:00:03"]
[BlackClock "0:00:12"]

1. e4 c6 2. d4 d5 3. Nc3 dxe4 4. Nxe4 Nf6 5. Nxf6+ exf6 6. c3 Bd6 7. Bd3 O-O 8. Ne2 Re8 9. Qc2 h5 10. O-O h4 11. Nf4 Qc7 12. g3 Nd7 13. Qd1 hxg3 14. hxg3 Nf8 15. Qh5 Qd7 16. Kg2 Qg4 17. Qxg4 Bxg4 18. f3 Bd7 19. Bd2 Rad8 20. Rae1 Bxf4 21. Bxf4 Be6 22. g4 Bxa2 23. Rxe8 Rxe8 24. Ra1 Bd5 25. Rxa7 b5 26. Kf2 g5 27. Bd6 Ng6 28. Bxg6 fxg6 29. Be7 Kf7 30. Bd8+ Ke6 31. Bb6 f5 32. gxf5+ gxf5 33. Bc5 Rh8 34. Kg3 Rh4 35. Re7+ Kf6 36. Re5 f4+ 0-1


[Site "https://www.chess.com"]

[Event "Titled Tuesday Blitz May 2 Early 2023"]
[White "Richter, Paul"]
[Black "Buchenau, Frank"]
[WhiteFideId "2046350"]
[BlackFideId "4604350"]
[WhiteElo "2171"]
[BlackElo "2157"]
[Result "1-0"]
[Round "03"]
[TimeControl "180+2"]
[Date "2023.05.02"]
[WhiteClock "0:00:04"]
[BlackClock "0:00:30"]

1. e4 e6 2. d4 d5 3. Nc3 Nf6 4. Bg5 dxe4 5. Nxe4 Be7 6. Bxf6 gxf6 7. Nf3 f5 8. Nc3 a6 9. g3 b5 10. Bg2 Bb7 11. O-O O-O 12. Ne5 Bxg2 13. Kxg2 c5 14. Qf3 Ra7 15. dxc5 Bxc5 16. Rad1 Qc7 17. Rfe1 Bd6 18. Nd3 Nc6 19. Qe3 Rd8 20. Qg5+ Kh8 21. Qf6+ Kg8 22. Qg5+ Kh8 23. Qf6+ Kg8 24. h4 Qe7 25. Qh6 Rad7 26. Nd5 exd5 27. Rxe7 Nxe7 28. Qg5+ Kf8 29. h5 Rc8 30. Qf6 Ng8 31. Qxf5 Rdc7 32. Nf4 Bxf4 33. Qxf4 Rxc2 34. Rxd5 Ne7 35. Rd7 Ke8 36. Ra7 Rxb2 37. Qe5 1-0


[Site "https://www.chess.com"]

[Event "Titled Tuesday Blitz May 2 Early 2023"]
[White "Rodchenkov, Sergey D."]
[Black "Blokhin, Sofia"]
[WhiteFideId "4168712"]
[BlackFideId "4508190"]
[WhiteElo "2277"]
[BlackElo "1994"]
[Result "0-1"]
[Round "03"]
[TimeControl "180+2"]
[Date "2023.05.02"]
[WhiteClock "0:00:04"]
[BlackClock "0:00:19"]

1. e4 c5 2. Nf3 e6 3. d4 cxd4 4. Nxd4 a6 5. Nc3 Qc7 6. Bd3 Nf6 7. Qe2 d6 8. f4 Nbd7 9. g4 h6 10. h4 b5 11. a3 Bb7 12. Bd2 Be7 13. O-O-O Nb6 14. g5 Ng8 15. g6 Nf6 16. gxf7+ Kxf7 17. e5 Bxh1 18. exf6 Bxf6 19. Nxe6 Qc6 20. f5 Bf3 21. Qf2 Bxd1 22. Nxd1 Rhe8 23. Qg3 Nc4 24. Qg6+ Kg8 25. Bxh6 Re7 26. Nxg7 Ne5 27. Qxf6 Nxd3+ 28. Kb1 Re1 29. Ne6 Rxd1+ 30. Ka2 Qc4+ 31. b3 Qxc2+ 0-1


[Site "https://www.chess.com"]

[Event "Titled Tuesday Blitz May 2 Early 2023"]
[White "Ng, Gary"]
[Black "Mekhane, Adam"]
[WhiteFideId "2604914"]
[BlackFideId "36050601"]
[WhiteElo "2213"]
[BlackElo "2177"]
[Result "0-1"]
[Round "03"]
[TimeControl "180+2"]
[Date "2023.05.02"]
[WhiteClock "0:00:03"]
[BlackClock "0:01:13"]

1. d4 Nf6 2. Bf4 g6 3. Nc3 d5 4. e3 Bg7 5. h4 h5 6. Nf3 O-O 7. Ne5 c5 8. dxc5 Qa5 9. Qd2 Nc6 10. a3 Qxc5 11. Na4 Qa5 12. Nxc6 Qxd2+ 13. Kxd2 bxc6 14. f3 Nd7 15. Bd3 e5 16. Bg3 Re8 17. c4 Ba6 18. Rac1 Rac8 19. cxd5 Bxd3 20. dxc6 Bb5 21. cxd7 Bxd7 22. Nc5 Bc6 23. b4 Red8+ 24. Kc2 Ba4+ 25. Kc3 e4+ 26. Kc4 a6 27. fxe4 Rd2 28. e5 f6 29. exf6 Bxf6 30. e4 Bb5+ 31. Kb3 Rb2# 0-1


[Site "https://www.chess.com"]

[Event "Titled Tuesday Blitz May 2 Early 2023"]
[White "Goswami, Vedant"]
[Black "Karttunen, Mika"]
[WhiteFideId "5003725"]
[BlackFideId "502081"]
[WhiteElo "2011"]
[BlackElo "2396"]
[Result "0-1"]
[Round "03"]
[TimeControl "180+2"]
[Date "2023.05.02"]
[WhiteClock "0:00:01"]
[BlackClock "0:00:01"]

1. e4 c5 2. Nf3 d6 3. Bc4 e6 4. d3 Nc6 5. c3 Nf6 6. Bb3 Be7 7. O-O O-O 8. Re1 b5 9. a4 b4 10. Nbd2 bxc3 11. bxc3 Rb8 12. Bc2 d5 13. e5 Nd7 14. d4 Ba6 15. Nf1 Bxf1 16. Rxf1 cxd4 17. cxd4 Nb4 18. Bb1 Nb6 19. g3 Nc4 20. h4 h6 21. Nh2 f5 22. exf6 Bxf6 23. Ng4 Rb7 24. Re1 Qb6 25. Nxf6+ Rxf6 26. Be3 Rbf7 27. Bd3 Nxd3 28. Qxd3 Nxe3 29. Qxe3 Rxf2 30. Rab1 Qd6 31. Rb3 R2f6 32. Kg2 a5 33. Kh3 Qd7 34. Kh2 Qxa4 35. Rb8+ Rf8 36. Rxf8+ Kxf8 37. Qe5 Qc2+ 38. Re2 Qc6 0-1


[Site "https://www.chess.com"]

[Event "Titled Tuesday Blitz May 2 Early 2023"]
[White "Kubicka, Anna"]
[Black "Kohler, Aran"]
[WhiteFideId "1152254"]
[BlackFideId "1002856"]
[WhiteElo "2144"]
[BlackElo "2010"]
[Result "1-0"]
[Round "03"]
[TimeControl "180+2"]
[Date "2023.05.02"]
[WhiteClock "0:00:25"]
[BlackClock "0:01:02"]

1. e4 c6 2. d4 d5 3. e5 c5 4. dxc5 e6 5. Be3 Qc7 6. Qd4 Nc6 7. Bb5 Bd7 8. Bxc6 Bxc6 9. c3 f6 10. Nf3 f5 11. Nbd2 Ne7 12. h4 Rd8 13. h5 Bb5 14. O-O-O Nc6 15. Qf4 Qa5 16. Kb1 Bd3+ 17. Ka1 Bxc5 18. Nb3 Bxe3 19. Qxe3 Qc7 20. Rxd3 O-O 21. h6 g6 22. Nbd4 Qe7 23. Ng5 Nxd4 24. cxd4 Rc8 25. f4 Rc4 26. Rc3 b5 27. b3 Rxc3 28. Qxc3 Re8 29. Rc1 Qb7 30. Qc6 Qb6 31. Qxe8# 1-0


[Site "https://www.chess.com"]

[Event "Titled Tuesday Blitz May 2 Early 2023"]
[White "Wessendorf, Thomas, Dr."]
[Black "Goncalves, Davi Sulzbacher"]
[WhiteFideId "4604270"]
[BlackFideId "2154510"]
[WhiteElo "2280"]
[BlackElo "2182"]
[Result "0-1"]
[Round "03"]
[TimeControl "180+2"]
[Date "2023.05.02"]
[WhiteClock "0:00:13"]
[BlackClock "0:00:53"]

1. e4 g6 2. d4 Bg7 3. Nc3 d6 4. Nge2 Nf6 5. h3 O-O 6. g4 c5 7. Be3 cxd4 8. Nxd4 Nc6 9. Bg2 Bd7 10. Nde2 Ne5 11. Bd4 Qa5 12. O-O b5 13. a3 Nc4 14. b4 Qc7 15. Nd5 Nxd5 16. Bxg7 Kxg7 17. exd5 a5 18. Nd4 Ne5 19. f4 Nc4 20. Qd3 Qa7 21. Kh2 axb4 22. axb4 Qxa1 23. Rxa1 Rxa1 24. Qc3 Ra3 25. Nb3+ Kg8 26. g5 f6 27. Kg3 fxg5 28. fxg5 Bf5 29. Bf1 Bxc2 30. Qxc2 Rxf1 31. Kh2 Rf3 32. Nd4 Rxh3+ 33. Kg1 Rag3+ 34. Kf1 Ne3+ 0-1


[Site "https://www.chess.com"]

[Event "Titled Tuesday Blitz May 2 Early 2023"]
[White "Vlassov, Nikolai"]
[Black "Osiecki, Stanislaw"]
[WhiteFideId "4103360"]
[BlackFideId "1102990"]
[WhiteElo "2324"]
[BlackElo "2088"]
[Result "1-0"]
[Round "03"]
[TimeControl "180+2"]
[Date "2023.05.02"]
[WhiteClock "0:02:11"]
[BlackClock "0:01:59"]

1. e4 e6 2. c4 d5 3. cxd5 exd5 4. Qb3 dxe4 5. Bc4 Qe7 6. Nc3 Nf6 7. d3 exd3+ 8. Be3 Nc6 9. O-O-O Bf5 10. Qxb7 d2+ 11. Rxd2 Rd8 12. Qxc6+ Bd7 13. Qxc7 g6 14. Nf3 Bg7 15. Bc5 Rc8 16. Qxc8+ Bxc8 17. Bxe7 Kxe7 18. Re1+ Be6 19. Bxe6 fxe6 20. Ng5 Bh6 21. Rxe6+ 1-0


[Site "https://www.chess.com"]

[Event "Titled Tuesday Blitz May 2 Early 2023"]
[White "Wimalasuriya, Kasun M."]
[Black "Erzhanov, Arman"]
[WhiteFideId "9906789"]
[BlackFideId "4138821"]
[WhiteElo "1781"]
[BlackElo "2138"]
[Result "0-1"]
[Round "03"]
[TimeControl "180+2"]
[Date "2023.05.02"]
[WhiteClock "0:00:10"]
[BlackClock "0:00:17"]

1. d4 d6 2. c4 e5 3. Nf3 e4 4. Nfd2 f5 5. Nc3 Nf6 6. e3 g6 7. b4 Bg7 8. Bb2 O-O 9. Qb3 c5 10. dxc5 dxc5 11. Rd1 cxb4 12. Qxb4 Nc6 13. Qb3 Qa5 14. Be2 Be6 15. O-O Rab8 16. Nd5 Nxd5 17. cxd5 Bxd5 18. Nc4 Bxb2 19. Qxb2 Qc5 20. Ne5 Rfd8 21. Rxd5 Rxd5 22. Bc4 Nxe5 23. Qxe5 Rd8 24. Qe6+ Kg7 25. Bxd5 Qxd5 26. Qe7+ Kg8 27. h4 Qd7 28. Qa3 b6 29. Rc1 Rc8 30. Qb3+ Kf8 31. Qb4+ Ke8 32. Rxc8+ Qxc8 33. Qb5+ Qd7 34. Qe5+ Kf7 35. Qh8 Ke6 36. Qg8+ Kd6 37. Qf8+ Kc6 38. Qa8+ Kb5 39. Qf8 a5 40. h5 gxh5 41. Qb8 a4 42. Qe5+ Kb4 43. Qb2+ Ka5 44. Qc3+ Ka6 45. Qc4+ b5 46. Qc5 h4 47. a3 Kb7 48. Qf8 Kc6 49. Qb4 Qd6 50. Qc3+ Kb6 51. Kh1 h5 52. Kg1 Ka6 53. Kh1 Qd1+ 54. Kh2 Qd6+ 55. Kh3 Qg6 56. Qc8+ Kb6 57. Qb8+ Kc5 58. Qc7+ Kd5 59. Qd7+ Kc4 60. Qc7+ Kb3 61. Qc1 Qg4+ 62. Kh2 h3 63. gxh3 Qe2 64. Kg2 Qf3+ 65. Kg1 Qxh3 66. Qc5 Qg4+ 67. Kf1 Qd1+ 68. Kg2 Qf3+ 69. Kf1 Qd1+ 70. Kg2 Qd3 71. Qb4+ Ka2 72. Kg3 Qc4 73. Qd2+ Kxa3 74. Qc2 Qxc2 0-1


[Site "https://www.chess.com"]

[Event "Titled Tuesday Blitz May 2 Early 2023"]
[White "Aggelis, Nikolaos"]
[Black "Torres Dominguez, David"]
[WhiteFideId "4213220"]
[BlackFideId "2220857"]
[WhiteElo "2189"]
[BlackElo "1999"]
[Result "0-1"]
[Round "03"]
[TimeControl "180+2"]
[Date "2023.05.02"]
[WhiteClock "0:00:25"]
[BlackClock "0:00:52"]

1. c4 e5 2. g3 Nc6 3. Bg2 f5 4. Nc3 Nf6 5. e3 d5 6. cxd5 Nb4 7. d4 e4 8. Qb3 Nd3+ 9. Kf1 Bd6 10. Nge2 O-O 11. Bd2 Ng4 12. Be1 Bd7 13. Nc1 Nxc1 14. Rxc1 b5 15. Ne2 a5 16. h3 Nf6 17. Nf4 Qe8 18. a3 Kh8 19. Ne6 a4 20. Qa2 Qf7 21. Nxf8 Rxf8 22. Bb4 Bxb4 23. axb4 f4 24. gxf4 g5 25. f5 Bxf5 26. Ke1 Nxd5 27. Rc5 Be6 28. Rf1 Nxb4 29. Qa3 Nd3+ 30. Ke2 g4 31. Bxe4 Nxc5 32. Qxc5 Bc4+ 33. Ke1 Bxf1 34. Qe5+ Qf6 35. Qxf6+ Rxf6 36. Kxf1 gxh3 37. Kg1 h2+ 38. Kxh2 Rxf2+ 39. Kg3 Rxb2 0-1


[Site "https://www.chess.com"]

[Event "Titled Tuesday Blitz May 2 Early 2023"]
[White "Winkels, Marcel"]
[Black "Hnydiuk, Aleksander"]
[WhiteFideId "1003887"]
[BlackFideId "1109057"]
[WhiteElo "1900"]
[BlackElo "2374"]
[Result "0-1"]
[Round "03"]
[TimeControl "180+2"]
[Date "2023.05.02"]
[WhiteClock "0:00:01"]
[BlackClock "0:00:06"]

1. d4 b6 2. e4 Bb7 3. Nc3 e6 4. Bd3 Bb4 5. Ne2 Nf6 6. O-O d5 7. exd5 Nxd5 8. Nxd5 Qxd5 9. f3 Qd8 10. c3 Bd6 11. Qc2 Nd7 12. Bf4 Bxf4 13. Nxf4 Qh4 14. Be4 Bxe4 15. Qxe4 O-O 16. Nd3 Qxe4 17. fxe4 e5 18. Nb4 Rfe8 19. Nd5 Rac8 20. Rae1 c6 21. Nb4 a5 22. Nd3 Re7 23. Rf5 Rce8 24. d5 Rc8 25. c4 b5 26. b3 cxd5 27. cxd5 Rc3 28. Rd1 f6 29. Rf2 Re8 30. Rfd2 Rec8 31. Kf2 Kf8 32. Ke2 Ke7 33. h4 Kd6 34. h5 Nb6 35. h6 g6 36. Rf1 Nd7 37. Kd1 a4 38. b4 R8c4 39. Nc5 Rxb4 40. Nxd7 Rb1+ 41. Ke2 Rxf1 42. Kxf1 Kxd7 43. Rf2 Ke7 44. Rd2 b4 45. Ke2 b3 46. axb3 axb3 47. Rb2 Kd6 48. Kd2 Rg3 49. Kd1 f5 50. exf5 gxf5 51. Ke1 Kxd5 52. Kf1 Kc4 53. Re2 e4 54. Rf2 Kc3 55. Rxf5 b2 56. Rc5+ Kb4 57. Rc8 b1=Q+ 58. Kf2 Rb3 59. Rb8+ Ka3 60. Ra8+ Kb2 61. Rd8 Qc2+ 62. Kg1 e3 63. Kh2 e2 64. Re8 Qd2 65. Re5 Qd6 0-1


[Site "https://www.chess.com"]

[Event "Titled Tuesday Blitz May 2 Early 2023"]
[White "Dronavalli, Harika"]
[Black "Panico, Nick"]
[WhiteFideId "5015197"]
[BlackFideId "2026724"]
[WhiteElo "2432"]
[BlackElo "1982"]
[Result "1-0"]
[Round "03"]
[TimeControl "180+2"]
[Date "2023.05.02"]
[WhiteClock "0:00:56"]
[BlackClock "0:00:41"]

1. c4 f5 2. Nc3 Nf6 3. g3 g6 4. Bg2 Bg7 5. d3 O-O 6. e4 d6 7. Nge2 Nc6 8. O-O e5 9. Nd5 Nxd5 10. cxd5 Nd4 11. Nxd4 exd4 12. f4 fxe4 13. dxe4 c5 14. Bd2 Qb6 15. b3 Bd7 16. Kh1 Rae8 17. Re1 Qd8 18. a4 b6 19. Ra2 a6 20. Qf3 Qe7 21. Bf1 Bc8 22. Bc1 Qg5 23. Rf2 Qg4 24. Qxg4 Bxg4 25. Bxa6 g5 26. Bd3 h6 27. Kg2 Bd7 28. Ref1 g4 29. Re2 Rb8 30. e5 Rb7 31. e6 Be8 32. f5 b5 33. axb5 Bxb5 34. Bxb5 Rxb5 35. e7 Re8 36. f6 Bxf6 37. Rxf6 Rxb3 38. Bxh6 Rbb8 39. Rf8+ Rxf8 40. exf8=Q+ Rxf8 41. Bxf8 d3 42. Rf2 c4 43. Bh6 c3 44. Ra2 d2 45. Bxd2 cxd2 46. Rxd2 Kf7 47. Rd4 Kf6 48. Rxg4 Ke5 49. Rg5+ Kf6 50. h4 Kf7 51. Kf3 Kf6 52. Kf4 Kf7 53. h5 Kf6 54. Rg6+ Kf7 55. Kf5 Ke7 56. Rg7+ Kf8 57. h6 Ke8 58. Kf6 Kf8 59. g4 Ke8 60. h7 Kd8 61. h8=Q# 1-0


[Site "https://www.chess.com"]

[Event "Titled Tuesday Blitz May 2 Early 2023"]
[White "Bartel, Michal"]
[Black "Zhang, Eric"]
[WhiteFideId "1119257"]
[BlackFideId "2005719"]
[WhiteElo "2282"]
[BlackElo "2011"]
[Result "1-0"]
[Round "03"]
[TimeControl "180+2"]
[Date "2023.05.02"]
[WhiteClock "0:01:16"]
[BlackClock "0:00:04"]

1. d4 Nf6 2. Bf4 e6 3. e3 b6 4. Nf3 Bb7 5. Nbd2 Be7 6. Bd3 c5 7. c3 cxd4 8. exd4 d6 9. O-O Nbd7 10. Qe2 O-O 11. a4 Re8 12. Rfe1 h6 13. h3 Bf8 14. Bg3 Qc7 15. c4 a5 16. Rac1 Qc6 17. b3 Rad8 18. Nb1 Qc8 19. Nc3 Qa8 20. Nb5 Bxf3 21. Qxf3 Qxf3 22. gxf3 Nb8 23. Red1 Nc6 24. Bb1 Nh5 25. Bh2 g5 26. Kg2 e5 27. Be4 Nxd4 28. Nxd4 exd4 29. Rxd4 Ng7 30. Rcd1 Ne6 31. R4d2 Nf4+ 32. Bxf4 gxf4 33. Rd5 Be7 34. Rf5 Kg7 35. Rxf4 Bf6 36. Rf5 Be5 37. f4 Bf6 38. Kf3 Re7 39. Rg1+ 1-0


[Site "https://www.chess.com"]

[Event "Titled Tuesday Blitz May 2 Early 2023"]
[White "Prudnykova, Olga"]
[Black "Garv Gaur"]
[WhiteFideId "14121093"]
[BlackFideId "45030839"]
[WhiteElo "2113"]
[BlackElo "2068"]
[Result "0-1"]
[Round "03"]
[TimeControl "180+2"]
[Date "2023.05.02"]
[WhiteClock "0:00:44"]
[BlackClock "0:01:15"]

1. e4 g6 2. d4 Bg7 3. Nc3 d5 4. exd5 Nf6 5. Bc4 Nbd7 6. Bb3 Nb6 7. Qf3 Bg4 8. Qg3 Bf5 9. Qf3 Qd7 10. h3 h5 11. Bf4 Rd8 12. Nge2 Nbxd5 13. Nxd5 Nxd5 14. Bxd5 Qxd5 15. Qxd5 Rxd5 16. c3 c6 17. Ng3 Bc8 18. O-O O-O 19. Rfe1 Re8 20. Re2 Kf8 21. Rae1 b6 22. Nf1 Ba6 23. Re3 e6 24. Be5 Red8 25. Bxg7+ Kxg7 26. Nh2 c5 27. dxc5 bxc5 28. b3 Rd2 29. a4 Rb2 30. c4 Rdd2 31. Rf3 Bb7 32. Rf4 g5 33. Rf3 Bxf3 34. Nxf3 Rxf2 35. Rd1 Rxg2+ 36. Kh1 Rg3 37. Ne5 Rxh3+ 38. Kg1 Rg3+ 39. Kh1 Rgg2 40. Rd7 Rgf2 41. Rd1 Rf5 42. Nd3 Rxb3 0-1


[Site "https://www.chess.com"]

[Event "Titled Tuesday Blitz May 2 Early 2023"]
[White "Bilan, Danila"]
[Black "Arnold, Ken"]
[WhiteFideId "24161918"]
[BlackFideId "2056836"]
[WhiteElo "2182"]
[BlackElo "2355"]
[Result "1-0"]
[Round "03"]
[TimeControl "180+2"]
[Date "2023.05.02"]
[WhiteClock "0:00:06"]
[BlackClock "0:00:06"]

1. d4 Nf6 2. Nf3 e6 3. g3 b6 4. Bg2 Bb7 5. O-O Be7 6. c4 O-O 7. d5 exd5 8. Nh4 Ne4 9. cxd5 Bxh4 10. Bxe4 Bf6 11. Nc3 d6 12. Qc2 g6 13. Bh6 Re8 14. Rfe1 Nd7 15. Bg2 a5 16. Rad1 Nc5 17. Nb5 Ba6 18. Nd4 Bg5 19. Bxg5 Qxg5 20. f4 Qf6 21. e4 Bb7 22. b3 Re7 23. a3 Rae8 24. b4 axb4 25. axb4 Na6 26. Qc4 h5 27. h4 Kg7 28. Ra1 Nb8 29. Ra7 Ba6 30. b5 Bc8 31. Nf3 Bf5 32. Ng5 Nd7 33. Rxc7 Nc5 34. Rxe7 Qxe7 35. Ra1 Bxe4 36. Nxe4 Nxe4 37. Re1 f5 38. Qd4+ Qf6 39. Qxb6 Re7 40. Bxe4 fxe4 41. Qe3 Qf5 42. b6 Rb7 43. Rb1 Kf7 44. Qc3 Qxd5 45. Qh8 Qc5+ 46. Kh1 Rxb6 47. Qh7+ Kf6 48. Qh8+ Kf7 49. Ra1 Rb7 50. Qh7+ Ke6 51. Qxb7 Qf5 52. Qb3+ Ke7 53. Qe3 d5 54. Kg1 Qg4 55. Ra7+ Kf8 56. Qc5+ Kg8 57. Qxd5+ Kh8 58. Qd8# 1-0


[Site "https://www.chess.com"]

[Event "Titled Tuesday Blitz May 2 Early 2023"]
[White "Bintang, Rasyid A. Hidayat"]
[Black "Korelskiy, Egor"]
[WhiteFideId "7105355"]
[BlackFideId "34329064"]
[WhiteElo "1820"]
[BlackElo "2186"]
[Result "0-1"]
[Round "03"]
[TimeControl "180+2"]
[Date "2023.05.02"]
[WhiteClock "0:00:20"]
[BlackClock "0:01:12"]

1. c4 e6 2. Nc3 d5 3. d4 c6 4. Nf3 dxc4 5. g3 b5 6. Bg2 Bb7 7. O-O Nd7 8. a4 a6 9. Qc2 Ngf6 10. Rd1 Be7 11. e4 h6 12. Ne5 O-O 13. f4 Qc8 14. Nxd7 Nxd7 15. d5 cxd5 16. exd5 Bc5+ 17. Kh1 exd5 18. Nxd5 Nb6 19. axb5 Bxd5 20. Bxd5 Nxd5 21. Rxd5 axb5 22. Rxa8 Qxa8 23. Qg2 Rd8 24. Rxd8+ Qxd8 25. Bd2 Qd3 26. h3 b4 27. f5 c3 28. bxc3 bxc3 29. Be1 Qd1 30. Qa8+ Bf8 31. Qe8 c2 0-1


[Site "https://www.chess.com"]

[Event "Titled Tuesday Blitz May 2 Early 2023"]
[White "Hinds, Nathan"]
[Black "Gulkov, Igor A."]
[WhiteFideId "7400730"]
[BlackFideId "4120973"]
[WhiteElo "2001"]
[BlackElo "2343"]
[Result "0-1"]
[Round "03"]
[TimeControl "180+2"]
[Date "2023.05.02"]
[WhiteClock "0:00:14"]
[BlackClock "0:00:38"]

1. Nf3 Nf6 2. c4 g6 3. b4 Bg7 4. Bb2 O-O 5. g3 d6 6. Bg2 e5 7. d3 Nc6 8. b5 Ne7 9. O-O h6 10. Nc3 Be6 11. a4 Qd7 12. Re1 c6 13. Rc1 Bh3 14. Bh1 Ng4 15. d4 Rad8 16. dxe5 Nxe5 17. Nxe5 Bxe5 18. Qd2 Kh7 19. Rcd1 Be6 20. Qd3 Bf5 21. Be4 Qe6 22. Rd2 Qf6 23. Nd1 Bxb2 24. Nxb2 d5 25. cxd5 Rxd5 26. Bxf5 Rxd3 27. Bxd3 Nd5 28. bxc6 bxc6 29. Nc4 Rb8 30. Be4 Rb4 31. Bxd5 cxd5 32. Ne3 Rxa4 33. Nxd5 Qe5 34. Rdd1 Rd4 35. Nf4 Rxd1 36. Rxd1 g5 37. Ng2 Qxe2 38. Re1 Qd2 39. Re7 Kg7 40. Ne3 a5 41. Ra7 Qc1+ 42. Kg2 Qc5 43. g4 Qxa7 0-1


[Site "https://www.chess.com"]

[Event "Titled Tuesday Blitz May 2 Early 2023"]
[White "Antonio, Jorge Carlos"]
[Black "Saya, Ethan"]
[WhiteFideId "113190"]
[BlackFideId "26095181"]
[WhiteElo "2247"]
[BlackElo "2189"]
[Result "0-1"]
[Round "03"]
[TimeControl "180+2"]
[Date "2023.05.02"]
[WhiteClock "0:00:15"]
[BlackClock "0:00:16"]

1. d4 Nf6 2. c4 e6 3. Nf3 d5 4. e3 Be7 5. Nc3 O-O 6. Ne5 Nbd7 7. f4 c5 8. Bd3 dxc4 9. Bxc4 Nb6 10. Bb3 cxd4 11. exd4 Nbd5 12. O-O b6 13. Nxd5 Nxd5 14. Qe2 Bb7 15. Be3 Nxe3 16. Qxe3 Rc8 17. f5 exf5 18. Rxf5 Bd5 19. Bxd5 Qxd5 20. Raf1 Qxa2 21. Nxf7 Bf6 22. Nd6 Rcd8 23. Ne4 Be7 24. Rxf8+ Rxf8 25. Rxf8+ Bxf8 26. b3 a5 27. Qd3 h6 28. d5 Qa1+ 29. Kf2 Qb2+ 30. Kf3 Qe5 31. d6 Qf5+ 32. Ke3 Qd7 33. Qd5+ Kh8 34. h3 b5 35. Kd4 a4 36. Kc3 a3 37. Qa8 Kg8 38. Qxa3 Qc6+ 39. Qc5 Qxe4 40. Qc8 Qe5+ 41. Kb4 Qxd6+ 42. Kxb5 Qb4+ 43. Kc6 Qxb3 44. Qe6+ Qxe6+ 0-1


[Site "https://www.chess.com"]

[Event "Titled Tuesday Blitz May 2 Early 2023"]
[White "Senft, Sean"]
[Black "Przybylski, Wojciech"]
[WhiteFideId "2044960"]
[BlackFideId "1117599"]
[WhiteElo "1989"]
[BlackElo "2222"]
[Result "0-1"]
[Round "03"]
[TimeControl "180+2"]
[Date "2023.05.02"]
[WhiteClock "0:00:06"]
[BlackClock "0:00:52"]

1. d4 Nf6 2. c4 e6 3. Nc3 Bb4 4. Nf3 O-O 5. Bg5 h6 6. Bh4 g5 7. Nxg5 hxg5 8. Bxg5 Bxc3+ 9. bxc3 d6 10. e3 Nbd7 11. Bd3 c6 12. h4 Qa5 13. Rc1 e5 14. Qf3 e4 15. Bxe4 Nxe4 16. Qxe4 d5 17. Qf4 dxc4 18. Bh6 Qh5 19. Rh3 Kh7 20. Bxf8 Nxf8 21. Rg3 Be6 22. Rg5 Qh6 23. g4 Ng6 24. Qf6 Qg7 25. Qxg7+ Kxg7 26. h5 Kh6 27. f4 Nh4 28. Kf2 f6 29. Ra5 Rg8 30. f5 Bd5 31. Rxa7 b5 32. Rg1 Nf3 33. Rg3 Ng5 34. Rg1 Nh3+ 35. Kf1 Nxg1 36. Kxg1 Rxg4+ 37. Kf2 Rg2+ 38. Kf1 Kxh5 39. Ra8 0-1


[Site "https://www.chess.com"]